 Dungeon Crawl Stone Soup version 0.15-a0-193-gf781f13 (webtiles) character file.

580 Jon2 the Vexing (level 6, -2/41 HPs)
             Began as a Vampire Enchanter on Apr 22, 2014.
             Slain by an orc
             ... wielding a +0,+0 flail
              (7 damage)
             ... on Level 4 of the Dungeon.
             The game lasted 00:21:04 (3673 turns).

Jon2 the Vexing (Vampire Enchanter)                 Turns: 3673, Time: 00:21:04

HP  -2/41        AC  3     Str  8      XL: 6   Next: 49%
MP   1/10        EV 14     Int 18      God:
Gold 193         SH  0     Dex 14      Spells:  2 memorised,  6 levels left

rFire  . . .     SeeInvis +     t - +1,+2 dagger (elec)
rCold  + . .     Clarity  .     b - +1 robe
rNeg   + + .     Conserve .     (no shield)
rPois  +         rCorr    .     (no helmet)
rElec  .         rRot     +     (no cloak)
SustAb . .       Spirit   .     (no gloves)
rMut   +         Warding  .     (no boots)
Saprov . . .     Stasis   .     g - amulet of resist mutation {unknown}
MR     .....                    (no ring)
                                (no ring)

@: regenerating slowly, very slightly contaminated, not resistant to hostile
enchantments, quite stealthy
A: bottle blood, fangs 3, see invisible, unbreathing
a: Bat Form, Bottle Blood


You were on level 4 of the Dungeon.
You were thirsty.

You visited 1 branch of the dungeon, and saw 4 of its levels.

You collected 193 gold pieces.

Inventory:

Hand weapons
 a - a +1,+1 dagger
 l - a +3,+2 dagger
 m - a +1,+1 dagger of protection
 t - a +1,+2 dagger of electrocution (weapon)
Missiles
 d - 12 darts (quivered)
Armour
 b - a +1 robe (worn)
 u - a +0 robe of positive energy
Scrolls
 f - 3 scrolls of remove curse {unknown}
 h - 4 scrolls of identify {unknown}
 i - a scroll of recharging {unknown}
 j - 2 scrolls of fear {unknown}
 n - 3 scrolls of enchant armour {unknown}
 o - 4 scrolls of teleportation {unknown}
 q - 3 scrolls of fog {unknown}
 r - 3 scrolls of magic mapping {unknown}
 v - 2 scrolls of enchant weapon I {unknown}
Jewellery
 g - an amulet of resist mutation (around neck) {unknown}
Potions
 p - a potion of curing
 s - a potion of degeneration
Books
 c - a book of Maledictions

   Spells                             Type                      Level
   *Corona                            Hexes                        1
   Sure Blade                         Hexes/Charms                 2
   *Ensorcelled Hibernation           Hexes/Ice                    2
   Confuse                            Hexes                        3
   Dazzling Spray                     Conjuration/Hexes            3
   Enslavement                        Hexes                        4


   Skills:
 * Level 4.7 Short Blades
 - Level 0.7 Throwing
 + Level 4.0 Dodging
 + Level 5.4 Stealth
 - Level 2.0 Spellcasting
 + Level 6.0 Hexes


You had 6 spell levels left.
You knew the following spells:

 Your Spells              Type           Power        Failure   Level  Hunger
a - Corona                Hex            ###....      1%          1    #......
b - Ensorcelled Hibernat  Hex/Ice        ##....       10%         2    ##.....


Dungeon Overview and Level Annotations

Branches:
Dungeon (4/15)
 Temple: D:4-7

Altars:
Nemelex Xobeh
Yredelemnul


Innate Abilities, Weirdness & Mutations

You heal slowly.
You can bottle blood from corpses.
You have razor-sharp teeth.*
You have supernaturally acute eyesight.
You can survive without breathing.*


Message History

You hit the orc wizard.
There is a sudden explosion of sparks!
The orc wizard is almost dead.
The orc hits you.
* * * LOW HITPOINT WARNING * * *
The orc wizard casts a spell.
The orc wizard flickers and vanishes for a moment.
Drink which item? (? for menu, Esc to quit)
You feel better. The orc completely misses you.
The orc wizard closely misses you.
You hit the orc wizard.
There is a sudden explosion of sparks!
You kill the orc wizard!
Your Dodging skill increases to level 4!
Your Hexes skill increases to level 6!
The orc hits you.
* * * LOW HITPOINT WARNING * * *
Casting: Ensorcelled Hibernation
Confirm with . or Enter, or press ? or * to list all spells.
Okay, then.
You closely miss the orc. The orc hits you with a flail!
You die...

..# #.......... ..#
#..<........ ..#
#..#######.....
#.#######..'.....#......
#..........#..$..#......#
#..........#.....#........
#..........#.....#........
#..........#...).#....oo..
#..######..#####@#........#
#..# #.......oo.)......#
#..# #..........)......#
#..# #.................
...# ..?.............. ...#
..###########... ...# . .
...# #..######..


You could see 2 orcs.

Vanquished Creatures
  A scorpion (D:4)
  4 orc wizards (D:4)
  2 worker ants
  Ijyb (D:2)
  Jessica (D:2)
  3 gnolls (D:4)
  4 adders
  3 worms (D:4)
  An ooze (D:2)
  4 orcs
  3 giant cockroaches
  5 goblins
  10 hobgoblins
  5 kobolds
  2 quokkas
  2 ball pythons (D:1)
  7 bats
  A giant newt (D:4)
  A kobold skeleton (D:4)
  13 rats
73 creatures vanquished.

Notes
Turn   | Place    | Note
--------------------------------------------------------------
     0 | D:1      | Jon2, the Vampire Enchanter, began the quest for the Orb.
     0 | D:1      | Reached XP level 1. HP: 13/13 MP: 3/3
   305 | D:1      | Reached XP level 2. HP: 17/19 MP: 4/4
   309 | D:1      | Learned a level 2 spell: Ensorcelled Hibernation
   703 | D:2      | Noticed Ijyb
   755 | D:2      | Paralysed by a potion of paralysis for 3 turns
   774 | D:2      | Killed Ijyb
   774 | D:2      | Reached XP level 3. HP: 22/24 MP: 1/6
  1206 | D:2      | Found a basalt altar of Yredelemnul.
  1246 | D:2      | Noticed Jessica
  1248 | D:2      | Killed Jessica
  1248 | D:2      | Reached skill level 5 in Hexes
  1894 | D:3      | Reached XP level 4. HP: 28/30 MP: 7/7
  2451 | D:3      | Found a sparkling altar of Nemelex Xobeh.
  2723 | D:4      | Reached XP level 5. HP: 28/35 MP: 3/9
  3233 | D:4      | Reached skill level 5 in Stealth
  3594 | D:4      | Reached XP level 6. HP: 41/41 MP: 10/10
  3672 | D:4      | Reached skill level 6 in Hexes
  3673 | D:4      | Slain by an orc

Action                   |  1- 3 |  4- 6 || total
-------------------------+-------+-------++-------
Melee: Dagger            |   166 |   128 ||   294
 Cast: Ensorcelled Hiber |     4 |    27 ||    31
 Abil: Bottle Blood      |       |     1 ||     1
  Use: Potion            |     6 |     6 ||    12
       Scroll            |       |     1 ||     1
 Stab: Sleeping          |     8 |    12 ||    20
